 Dungeon Crawl Stone Soup version 0.20-a0-1124-g2e29d97 (webtiles) character file.

180 Hook the Magician (level 5, -5/41 HPs)
             Began as a Draconian Transmuter on May 15, 2017.
             Killed by divine providence
             ... invoked by an orc priest
              (14 damage)
             ... on level 4 of the Dungeon.
             The game lasted 00:14:27 (3340 turns).

Hook the Magician (Draconian Transmuter)            Turns: 3340, Time: 00:14:28

Health: -5/41      AC:  6    Str: 13    XL:     5   Next: 33%
Magic:  8/10       EV: 13    Int: 14    God:
Gold:   89         SH:  0    Dex: 11    Spells: 8/11 levels left

rFire    . . .     SeeInvis .     - Unarmed
rCold    . . .     Gourm    +   (no shield)
rNeg     . . .     Faith    .   (armour unavailable)
rPois    .         Spirit   .   (helmet restricted)
rElec    .         Reflect  .   (no cloak)
rCorr    .         Harm     .   p - +0 pair of gloves
MR       .....                  (boots currently unavailable)
Stlth    +.........             t - amulet of the gourmand
Regen    0.2/turn               (no ring)
MPRegen  0.2/turn               (no ring)

@: appendage
A: unfitting armour, talons 3, cold-blooded, AC +5
a: End Transformation


You were on level 4 of the Dungeon.
You were not hungry.
You had grown temporary talons.
You visited 1 branch of the dungeon, and saw 4 of its levels.

You collected 89 gold pieces.

Inventory:

Hand Weapons
 g - a +0 club
 o - a +0 club
 q - a +0 club
Missiles
 e - 117 stones (quivered)
Armour
 p - a +0 pair of gloves (worn)
Jewellery
 t - an amulet of the gourmand (around neck)
Scrolls
 h - a scroll of remove curse
 j - 2 scrolls of teleportation {unknown}
 m - a scroll of recharging
Potions
 d - a potion of ambrosia {unknown}
 i - 4 potions of curing
 k - a potion of resistance {unknown}
 l - a potion of berserk rage {unknown}
 n - a potion of flight {unknown}
 r - a potion of brilliance {unknown}
 s - 2 potions of heal wounds {unknown}
Books
 b - a book of Changes

   Spells                             Type                      Level
   a - Beastly Appendage              Transmutation                1
   b - Sticks to Snakes               Transmutation                2
   c - Spider Form                    Transmutation/Poison         3
   d - Ice Form                       Ice/Transmutation            4
   e - Blade Hands                    Transmutation                5
Comestibles
 c - a bread ration
 f - 3 royal jellies


   Skills:
 + Level 2.1 Fighting
 - Level 0.1 Throwing
 * Level 2.8 Dodging
 * Level 3.4 Unarmed Combat
 * Level 3.7 Spellcasting
 + Level 2.4 Transmutations


You had 8 spell levels left.
You knew the following spells:

 Your Spells              Type           Power        Failure   Level  Hunger
a - Beastly Appendage     Tmut           #.....       7%          1    None
b - Sticks to Snakes      Tmut           #.......     11%         2    ##.....


Dungeon Overview and Level Annotations

Branches:
Dungeon (4/15)
 Temple: D:4-7

Altars:
Dithmenos
Wu Jian
Xom
Zin


Innate Abilities, Weirdness & Mutations

Your plain brown scales are hard. (AC +5)
You cannot fit into any form of body armour.
You are cold-blooded and may be slowed by cold attacks.
You have claws for feet.


Message History

You claw the orc priest, but do no damage.
The orc priest hits you but does no damage.
You hit the orc priest but do no damage.
The orc priest hits you with a club.
You hear a sizzling splash.
You hit the orc priest but do no damage.
The orc priest hits you with a club.
You barely miss the orc priest. Your kick misses the orc priest.
The orc priest hits you with a club.
You hit the orc priest but do no damage.
Your kick misses the orc priest.
Your tail-slap misses the orc priest.
You hit the orc priest but do no damage.
You tail-slap the orc priest, but do no damage.
The orc priest hits you with a club!
* * * LOW HITPOINT WARNING * * *
You barely miss the orc priest.
You claw the orc priest, but do no damage.
The orc priest invokes the aid of Beogh against you.
Beogh smites you!
You die...

####### ........#
...(....# .........#
########## ..........#
#......... ..........#
+.........
..........######.......?.
..........'.S@oo..#+#####
..........#######.#
..........'.....#.#
......[...#####.#.#
..........# #.#o#
+######'### #.#o#
........# #.#.# #########
#<#.# ###


You could see an orc priest, an orc and a friendly ball python.

Vanquished Creatures
  Jessica (D:2)
  A worker ant (D:1)
  4 adders
  An ooze (D:3)
  A dart slug (D:1)
  3 leopard geckos
  4 orcs
  2 ball pythons
  6 bats
  2 giant cockroaches
  8 goblins
  12 hobgoblins
  4 jackals (D:1)
  3 quokkas (D:3)
  7 frilled lizards
  10 kobolds
  7 rats
76 creatures vanquished.

Vanquished Creatures (collateral kills)
  2 adders
  An ooze (D:3)
  A dart slug (D:2)
  An orc (D:3)
5 creatures vanquished.

Vanquished Creatures (others)
  An orc priest (D:4)
  An iguana (D:4)
  A worker ant (D:4)
  A giant cockroach (D:4)
4 creatures vanquished.

Grand Total: 85 creatures vanquished

Notes
Turn   | Place    | Note
-------+----------+-------------------------------------------
     0 | D:1      | Hook the Draconian Transmuter began the quest for the Orb.
     0 | D:1      | Reached XP level 1. HP: 16/16 MP: 3/3
   192 | D:1      | Reached XP level 2. HP: 23/23 MP: 2/5
   890 | D:1      | Reached XP level 3. HP: 28/28 MP: 7/7
  1003 | D:1      | Learned a level 2 spell: Sticks to Snakes
  1689 | D:2      | Reached XP level 4. HP: 35/36 MP: 7/9
  1691 | D:2      | Found a shadowy altar of Dithmenos.
  2073 | D:2      | Found a glowing silver altar of Zin.
  2685 | D:3      | Noticed Jessica
  2695 | D:2      | Killed Jessica
  2885 | D:3      | Reached XP level 5. HP: 36/41 MP: 5/10
  3109 | D:3      | Found an ornate altar of the Wu Jian Council.
  3283 | D:4      | Found a shimmering altar of Xom.
  3283 | D:4      | Noticed a phantom
  3340 | D:4      | Killed from afar by an orc priest

Vault maps used:
D:1:      lemuel_arrival_funnel
D:2:      marbit_many_paths, grunt_dithmenos_smoke
D:3:      lemuel_crystal_altar, corner_web_ring, uniq_jessica
D:4:      xom_confusion_cloud, nicolae_overflow_hidden_temple, minmay_distorted

Skill      XL: |  1  2  3  4 |
---------------+-------------+-----
Dodging        | 2 |  2.8
Spellcasting   | 3 |  3.7
Fighting       | 2 |  2.1
Throwing       | |  0.1
Unarmed Combat | |  3.4
Transmutations | |  2.4

Action                   |  1- 3 |  4- 6 || total
-------------------------+-------+-------++-------
Melee: Unarmed           |   169 |   142 ||   311
       Tailslap          |    19 |    15 ||    34
       Kick              |    12 |     9 ||    21
       Headbutt          |     3 |     3 ||     6
       Punch             |     1 |     3 ||     4
Throw: Stone             |    25 |     3 ||    28
 Cast: Beastly Appendage |    18 |    12 ||    30
       Sticks to Snakes  |       |    12 ||    12
  Use: Scroll            |     2 |     2 ||     4
  Eat: Chunk             |     3 |    12 ||    15
Armor: Skin              |    73 |    37 ||   110
Dodge: Dodged            |   172 |    92 ||   264
